Map: Frozen Temple

Players

Ambrosisk

  • Race: Protoss Protoss
  • League: Grandmaster

Miszu - Winner!

  • Race: Terran Terran
  • League: Grandmaster

VOD

Have the link to the VOD?

Description

Time

  • Played on: May 16, 2016, 3:27 p.m.
  • Length: 11:33
Show
View Real Time Build Order
Export as new Build Order

Ambrosisk Protoss 

Build Orders: 1 Gate Expand 

Get SALT Encoding   

  12  0:03  Probe (Chrono Boost)  
  14  0:14  Probe (Chrono Boost)  
  14  0:19  Pylon  
  14  0:24  Probe (Chrono Boost)  
  15  0:37  Gateway, Probe (Chrono Boost)  
  16  0:44  Assimilator  
  16  0:48  Probe (Chrono Boost)  
  17  0:59  Probe (Chrono Boost)  
  18  1:10  Probe (Chrono Boost)  
  19  1:21  Nexus  
  19  1:30  Cybernetics Core  
  19  1:34  Probe (Chrono Boost)  
  20  1:40  Assimilator  
  20  1:45  Probe (Chrono Boost)  
  20  1:49  Pylon  
  20  1:56  Probe (Chrono Boost)  
  21  2:07  Warp Gate, Probe (Chrono Boost)  
  21  2:08  Adept  
  24  2:18  Probe (Chrono Boost)  
  25  2:28  Probe (Chrono Boost)  
  26  2:32  Probe (Chrono Boost)  
  27  2:40  Robotics Facility  
  27  2:41  Probe (Chrono Boost)  
  28  2:46  Probe (Chrono Boost)  
  29  2:52  Probe (Chrono Boost)  
  29  2:57  Probe (Chrono Boost)  
  31  3:02  Probe (Chrono Boost)  
  32  3:07  Probe (Chrono Boost)  
  33  3:16  Probe (Chrono Boost)  
  33  3:18  Probe (Chrono Boost)  
  33  3:19  Gateway  
  35  3:22  Gateway x2  
  35  3:26  Probe (Chrono Boost)  
  36  3:28  Warp Prism (Chrono Boost), Probe (Chrono Boost)  
  39  3:38  Probe  
  39  3:40  Probe  
  39  3:41  Twilight Council  
  40  3:46  Pylon  
  41  3:51  Pylon, Probe  
  41  3:53  Probe  
  43  3:59  Pylon  
  43  4:00  Observer (Chrono Boost)  
  43  4:01  Mothership Core  
  44  4:08  Assimilator  
  44  4:09  Assimilator  
  46  4:11  Probe  
  47  4:20  Adept x3  
  47  4:21  Adept, Probe  
  56  4:31  Blink (Chrono Boost)  
  56  4:33  Probe  
  56  4:35  Probe  
  58  4:41  Adept x2  
  58  4:43  Adept  
  62  4:45  Adept  
  64  5:03  Probe  
  64  5:05  Probe  
  64  5:06  Nexus  
  60  5:12  Adept x2  
  64  5:15  Adept  
  64  5:19  Adept  
  64  5:20  Probe  
  68  5:21  Probe  
  70  5:37  Pylon  
  70  5:39  Pylon  
  70  5:43  Probe  
  70  5:45  Probe  
  56  5:50  Warp Prism  
  56  5:56  Probe  
  54  5:58  Probe  
  54  6:02  Gateway x2  
  56  6:06  Gateway  
  56  6:07  Stalker x3  
  62  6:16  Pylon  
  62  6:23  Stalker  
  64  6:26  Immortal  
  68  6:34  Stalker x2  
  68  6:36  Stalker  
  68  6:39  Pylon  
  71  6:54  Stalker  
  61  7:03  Stalker x2  
  61  7:04  Adept x3  
  67  7:10  Probe  
  67  7:12  Probe  
  69  7:18  Mothership Core  
  69  7:21  Probe  
  71  7:24  Probe  
  71  7:25  Adept x2, Pylon  
  71  7:27  Adept  
  79  7:31  Sentry x2  
  79  7:33  Charge (Chrono Boost), Sentry  
  79  7:37  Adept, Probe  
  87  8:04  Probe x2  
  83  8:05  Probe  
  83  8:08  Stalker x5  
  83  8:09  Stalker x2  
  104  8:27  Immortal, Pylon  
  104  8:31  Pylon  
  102  8:42  Pylon  
  102  8:44  Pylon  
  102  8:45  Pylon  
  102  8:47  Pylon  
  102  8:54  Zealot  
  102  8:55  Zealot x6  
  116  9:01  Gateway  
  116  9:03  Gateway  
  116  9:05  Templar Archives  
  116  9:17  Stalker  
  118  9:21  Zealot x2  
  118  9:22  Stalker x3  
  118  9:23  Sentry  
  128  9:36  Pylon  
  128  9:46  High Templar x3  
  130  9:55  Adept x2  
  127  10:00  Archon  
  127  10:06  Pylon  
  125  10:08  Pylon x2  
  125  10:11  Pylon  
  118  10:23  Pylon  
  118  10:25  Pylon x2  
Show
View Real Time Build Order
Export as new Build Order

Miszu Terran - Winner!

Build Orders: MMM Bio 

Get SALT Encoding   

  12  0:00  SCV  
  13  0:12  SCV  
  14  0:17  Supply Depot  
  14  0:24  SCV  
  15  0:39  Barracks  
  15  0:41  SCV  
  16  0:53  SCV  
  17  1:05  SCV  
  18  1:15  Command Center  
  18  1:18  SCV  
  19  1:26  Marine  
  20  1:35  Orbital Command  
  20  1:44  Marine  
  21  1:50  Barracks  
  21  1:54  Barracks  
  21  2:01  SCV  
  22  2:11  Marine  
  23  2:20  Refinery  
  23  2:22  Refinery  
  23  2:30  Marine, SCV, Orbital Command  
  25  2:37  Marine  
  25  2:41  Marine  
  25  2:42  SCV  
  28  2:51  Supply Depot  
  28  2:52  Marine  
  28  2:54  SCV  
  28  2:56  Barracks Tech Lab, SCV  
  31  2:59  Marine  
  32  3:06  SCV  
  32  3:08  SCV  
  32  3:09  Marine  
  35  3:16  Marine, Stimpack  
  35  3:17  Marine  
  35  3:18  SCV  
  38  3:20  SCV  
  38  3:26  Factory  
  39  3:29  Marine  
  39  3:30  SCV  
  39  3:32  SCV  
  42  3:34  Supply Depot  
  42  3:38  Marine x2  
  44  3:43  SCV  
  44  3:44  SCV  
  46  3:52  Supply Depot  
  46  3:55  Marine  
  46  3:56  Marine, SCV  
  46  3:57  Marauder  
  51  4:03  SCV  
  51  4:04  Refinery  
  51  4:05  Engineering Bay  
  51  4:08  SCV  
  53  4:14  Starport, Factory Reactor  
  53  4:15  SCV  
  53  4:16  Barracks Reactor  
  54  4:21  SCV  
  54  4:23  Barracks Tech Lab  
  55  4:27  SCV  
  55  4:30  Supply Depot  
  56  4:31  Missile Turret  
  56  4:33  SCV  
  56  4:36  Terran Infantry Weapons Level 1  
  57  4:38  Missile Turret  
  57  4:39  SCV  
  48  5:03  SCV x2  
  48  5:04  Marine  
  48  5:05  Marine x2, Marauder  
  55  5:15  SCV  
  55  5:18  SCV  
  55  5:20  Factory Reactor  
  57  5:23  Marauder  
  57  5:24  Marine, Medivac x2  
  57  5:25  Marine  
  57  5:27  SCV  
  66  5:31  SCV  
  62  5:43  Marauder  
  62  5:47  Marauder  
  60  5:50  Marine x2  
  60  5:51  SCV  
  60  5:52  SCV  
  62  6:01  Supply Depot  
  62  6:04  Medivac, Marauder, SCV  
  63  6:05  Medivac  
  63  6:08  Command Center  
  69  6:12  SCV  
  70  6:23  SCV  
  70  6:24  Supply Depot, SCV  
  72  6:27  Refinery  
  72  6:30  Barracks, Marine, Marauder x2  
  72  6:31  Barracks  
  77  6:36  Supply Depot  
  76  6:52  Marauder  
  76  6:55  Marine, Marauder  
  75  7:03  Marine, Medivac, Widow Mine  
  75  7:04  Medivac  
  78  7:13  Marauder  
  76  7:18  Supply Depot  
  76  7:19  SCV x2  
  76  7:23  Orbital Command  
  76  7:24  Supply Depot  
  76  7:27  Terran Infantry Armor Level 1  
  76  7:29  Marine, Barracks Tech Lab, Marauder  
  79  7:30  Barracks Reactor  
  79  7:31  Marine, SCV x2  
  82  7:43  Marine, Widow Mine x2, SCV  
  85  8:01  Marine, Marauder x2  
  85  8:05  Marauder  
  91  8:06  SCV x2  
  91  8:07  SCV  
  94  8:18  SCV  
  95  8:25  Marine x5, Marauder  
  95  8:26  Marine  
  72  8:27  Medivac x2  
  104  8:43  Marine x2  
  104  8:44  Marauder  
  104  8:45  SCV  
  104  8:47  SCV x2  
  111  8:50  Supply Depot  
  111  8:51  Supply Depot x2  
  111  8:53  Marine  
  111  8:54  Marauder  
  114  8:55  Marine  
  114  8:56  Marauder  
  114  8:57  Medivac  
  114  8:58  SCV  
  114  8:59  SCV x2  
  114  9:00  Marine  
  114  9:01  Widow Mine  
  114  9:02  Combat Shields  
  125  9:03  Concussive Shells  
  125  9:11  Widow Mine, SCV x3  
  125  9:12  Marauder  
  125  9:15  Marauder  
  125  9:16  Refinery  
  134  9:17  Refinery, Marauder  
  134  9:23  SCV  
  137  9:33  Medivac x2, Marauder  
  137  9:36  Marine x3  
  137  9:37  Marine  
  147  9:41  Fusion Core  
  147  9:42  Starport  
  147  9:44  Engineering Bay  
  147  9:45  Armory  
  143  9:54  Marauder  
  143  9:55  Marine  
  143  9:56  Marine, Marauder  
  147  10:07  SCV  
  147  10:09  Marine  
  147  10:10  Marine  
  147  10:13  Liberator x2  
  148  10:22  Marauder  
  148  10:24  Marine  
  141  10:30  Marauder x2  
  141  10:31  Marine  
  120  10:56  Marine x2, Marauder  
  117  10:57  Marine  
  98  11:14  Marine x2  
Tags
 
Add a new tag
Caveats
  • Supply blocks, unpowered buildings, or Contaminate may cause inaccurate times.
  • Supply counts are checked every 10 seconds.